 Dungeon Crawl Stone Soup version 0.26.1-2-gb8aa6d0cf2 (webtiles) character file.

Game seed: 4089610198861204406

56 Gadfly the Skirmisher (level 3, 0/29 HPs)
             Began as a Demonspawn Monk on Feb 8, 2021.
             Killed from afar by an orc wizard (6 damage)
             ... with a magic dart
             ... on level 3 of the Dungeon.
             The game lasted 00:03:13 (1772 turns).

Gadfly the Skirmisher (Demonspawn Monk)             Turns: 1772, Time: 00:03:14

Health: 0/29       AC:  5    Str: 12    XL:     3   Next: 71%
Magic:  4/4        EV: 16    Int: 11    God:
Gold:   39         SH:  0    Dex: 15    Spells: 2/2 levels left

rFire    . . .     SeeInvis .   a - +0 hand axe
rCold    . . .     Faith    .   (no shield)
rNeg     . . .     Spirit   .   h - +0 ring mail
rPois    .         Reflect  .   (no helmet)
rElec    .         Harm     .   (no cloak)
rCorr    .         Rampage  .   (no gloves)
Will     .....                  (no boots)
Stlth    +.........             (no amulet)
HPRegen  0.09/turn              (no ring)
MPRegen  0.09/turn              (no ring)

@: agile, slowed, very slow
A: powered by death 1, powered by pain 1
a: no special abilities


You were on level 3 of the Dungeon.
You visited 1 branch of the dungeon, and saw 3 of its levels.

You collected 39 gold pieces.

Inventory:

Hand Weapons
 a - a +0 hand axe (weapon)
Armour
 h - a +0 ring mail (worn)
Scrolls
 b - 2 scrolls of remove curse
Potions
 c - a potion of flight {unknown}
 e - a potion of might
 g - a potion of mutation {unknown}


   Skills:
 - Level 3.0 Fighting
 + Level 3.0 Axes
 * Level 1.5 Armour
 - Level 2.6 Dodging
 - Level 1.7 Stealth
 * Level 2.2 Invocations
 * Level 1.5 Evocations


You had 2 spell levels left.
You didn't know any spells.
Your spell library was empty.

Dungeon Overview and Level Annotations

Branches:
Dungeon (3/15)

Altars:


Innate Abilities, Weirdness & Mutations

You regenerate a little health from kills.
You sometimes gain a little power by taking damage.


Message History

A magic dart appears from out of thin air!
The magic dart hits you.
You miss something.
You hear some strange, mumbled words.
A magic dart appears from out of thin air!
The magic dart hits you!
* * * LOW HITPOINT WARNING * * *
You focus on the pain.
You feel agile all of a sudden. Something hits you but does no damage.
You barely miss something. Something hits you but does no damage.
Something hits you.
* * * LOW HITPOINT WARNING * * *
You hear some strange, mumbled words.
You feel as though you will be slow longer.
You hit something.
You hear some strange, mumbled words.
A magic dart appears from out of thin air!
The magic dart hits you.
You die...

#######.###.#.#
###.......#
#......<### ##+#
#.####### #...#
#.# .....# #.#
......# #.# ##
......{##.#..$##
.)....)@.......#
......).......##
......###.##..#
...... #....l.#
#...# #####..#
##+# .# .#


There were no monsters in sight!

Vanquished Creatures
  A gnoll (D:1)
  2 dart slugs (D:1)
  A leopard gecko (D:3)
  2 orcs (D:3)
  7 bats
  6 goblins
  4 hobgoblins
  3 jackals (D:1)
  3 kobolds
  A quokka (D:2)
  3 frilled lizards
  3 rats
36 creatures vanquished.

Notes
Turn   | Place    | Note
-------+----------+-------------------------------------------
     0 | D:1      | Gadfly the Demonspawn Monk began the quest for the Orb.
     0 | D:1      | Reached XP level 1. HP: 18/18 MP: 1/1
   108 | D:1      | Reached skill level 1 in Invocations
   108 | D:1      | Gained mutation: You regenerate a little health from kills.
                  | [demonic ancestry]
   108 | D:1      | Reached XP level 2. HP: 10/24 MP: 2/2
   308 | D:1      | Reached skill level 1 in Evocations
   621 | D:1      | Reached skill level 1 in Armour
   799 | D:1      | Gained mutation: You sometimes gain a little power by
                  | taking damage. [demonic ancestry]
   799 | D:1      | Reached XP level 3. HP: 29/29 MP: 4/4
  1772 | D:3      | Killed from afar by an orc wizard

Illustrated notes

Levels and vault maps discovered:
D:1:      dpeg_arrival_round_b, layout_basic
D:2:      layout_basic
D:3:      layout_loops_corners, serial_glass, glass_columns_b, glass_columns_b

Skill      XL: |  1  2  3 |
---------------+----------+-----
Invocations    | 1 2 |  2.2
Evocations     | 1 |  1.5
Armour         | 1 |  1.5
Axes           | 3 |  3.0
Fighting       | |  3.0
Dodging        | |  2.6
Stealth        | |  1.7

Action                   || total
-------------------------++-------
Melee: Hand axe          ||   109
  Use: Scroll            ||     7
 Stab: Sleeping          ||     5
Armor: Robe              ||     2
       Leather armour    ||     8
       Ring mail         ||    37
Dodge: Dodged            ||    83
